 Dungeon Crawl Stone Soup version 0.23.0-42-geed6394480 (webtiles) character file.

Game seed: 2160012495543166168

2663 ardnt the Cruncher (level 9, -4/117 HPs)
             Began as a Minotaur Berserker on Feb 28, 2019.
             Was an Elder of Trog.
             Slain by an orc priest
             ... wielding a +0 war axe
              (6 damage)
             ... on level 7 of the Dungeon.
             The game lasted 00:31:40 (7856 turns).

ardnt the Cruncher (Minotaur Berserker)             Turns: 7856, Time: 00:31:43

Health: -4/117     AC: 17    Str: 30    XL:     9   Next: 36%
Magic:  8/8        EV: 12    Int:  4    God:    Trog [****..]
Gold:   283        SH:  0    Dex: 10    Spells: 8/8 levels left

rFire    . . .     SeeInvis .   C - +2 quarterstaff (chaos)
rCold    . . .     Gourm    .   (shield currently unavailable)
rNeg     + . .     Faith    .   s - +0 pearl dragon scales
rPois    .         Spirit   .   (helmet restricted)
rElec    .         Reflect  .   D - +0 cloak
rCorr    .         Harm     .   o - +0 pair of gloves
MR       .....                  M - +0 pair of boots
Stlth    ..........             (no amulet)
HPRegen  0.29/turn              (no ring)
MPRegen  0.11/turn              (no ring)

@: berserking, starving, very quick
A: retaliatory headbutt, horns 2
a: Berserk, Trog's Hand, Brothers in Arms, Renounce Religion


You were on level 7 of the Dungeon.
You worshipped Trog.
Trog was greatly pleased with you.
You were starving.

You visited 2 branches of the dungeon, and saw 8 of its levels.

You collected 283 gold pieces.

Inventory:

Hand Weapons
 a - a +0 mace
 v - a +0 flail
 C - a +2 quarterstaff of chaos (weapon)
 E - a +0 mace
 N - a +0 blowgun
 P - a +0 shortbow
 R - a +0 rapier
 Y - a +0 giant club
Missiles
 d - 114 stones
 e - 7 javelins (quivered)
 g - 25 poisoned needles
 i - 76 arrows
 X - 3 tomahawks of dispersal
Armour
 b - a +0 animal skin
 n - a +0 leather armour
 o - a +0 pair of gloves (worn)
 q - a +0 ring mail
 s - +0 pearl dragon scales (worn)
 u - a +0 scale mail
 D - a +0 cloak (worn)
 M - a +0 pair of boots (worn)
Jewellery
 r - an uncursed ring of protection from fire {unknown}
 A - an uncursed ring of fire {unknown}
 F - a cursed ring of attention {unknown}
 H - an uncursed ring of fire {unknown}
 U - an uncursed ring of protection from magic {unknown}
Wands
 G - a wand of flame (20)
 L - a wand of disintegration (16)
 Q - a wand of random effects (27)
Scrolls
 f - 2 scrolls of fog {unknown}
 j - a scroll of silence {unknown}
 k - 2 scrolls of blinking {unknown}
 m - 5 scrolls of amnesia {unknown}
 w - 2 scrolls of magic mapping {unknown}
 x - 3 scrolls of enchant armour {unknown}
 y - 3 scrolls of teleportation {unknown}
 z - a scroll of fear {unknown}
 J - 2 scrolls of identify {unknown}
 O - a scroll of acquirement {unknown}
 S - a scroll of remove curse {unknown}
Potions
 h - a potion of agility {unknown}
 l - a potion of haste {unknown}
 t - a potion of cancellation {unknown}
 B - a potion of resistance {unknown}
 I - 4 potions of brilliance {unknown}
 K - a potion of might {unknown}
 T - a potion of flight {unknown}
 Z - a potion of ambrosia {unknown}
Comestibles
 c - 5 rations


   Skills:
 + Level 6.8 Fighting
 + Level 6.8(8.8) Maces & Flails
 + Level 8.5(9.6) Staves
 + Level 7.5 Armour
 + Level 5.4 Dodging
 + Level 2.4 Stealth
 + Level 0.2 Evocations


You had 8 spell levels left.
You didn't know any spells.
Your spell library contained the following spells:

 Spells                   Type           Power        Failure   Level  Hunger
 Animate Skeleton         Necr           N/A          77%         1    ##.....
 Apportation              Tloc           #.....       77%         1    ##.....
 Confusing Touch          Hex            #.....       77%         1    ##.....
 Summon Small Mammal      Summ           #...         77%         1    ##.....


Dungeon Overview and Level Annotations

Branches:
Dungeon (7/15)             Temple (1/1) D:5

Altars:
Cheibriados
Dithmenos
Elyvilon
Fedhas
Gozag
Hepliaklqana
Makhleb
Nemelex Xobeh
Okawaru
Qazlal
Ru
Sif Muna
Trog
Uskayaw
Xom
Zin
The Shining One


Innate Abilities, Weirdness & Mutations

You reflexively headbutt those who attack you in melee.
You have a pair of horns on your head.


Message History

The orc warrior barely misses you.
You closely miss the orc warrior.
You headbutt the orc warrior, but do no damage.
The orc warrior hits you but does no damage.
The orc priest mumbles some strange prayers to Beogh against you.
Beogh smites you!
* * * LOW HITPOINT WARNING * * *
You thump the orc warrior!
The orc warrior is poisoned.
The orc warrior is heavily wounded.
The orc warrior hits you but does no damage.
The orc priest calls down the wrath of Beogh upon you.
Beogh smites you!
* * * LOW HITPOINT WARNING * * *
A red film seems to cover your vision as you go berserk!
You feel yourself moving faster!
You feel mighty!
You are starving!
The orc warrior hits you with a +4 vampiric hand axe.
* * * LOW HITPOINT WARNING * * *
The orc priest hits you with a +0 war axe.
You die...

.......
...(...
....... #
.......
.# ....[
.# ...
..#
##.###..#
#.oo@...#
#..#o...#
#..######
#.. #.#
#. #. #.


You could see an orc warrior, an orc priest and an orc.

Vanquished Creatures
  A blink frog (shapeshifter) (D:5)
  Duvessa (D:6)
  2 sky beasts
  3 ice beasts (D:5)
  2 phantoms
  2 ogres (D:5)
  2 centaurs
  3 bullfrogs (D:6)
  Dowan (D:6)
  2 scorpions
  3 howler monkeys
  7 crimson imps
  A bullfrog zombie (D:5)
  Crazy Yiuf (D:3)
  2 orc priests
  5 orc wizards
  An iguana (D:4)
  Terence (D:3)
  5 worker ants (D:5)
  A hound skeleton (D:5)
  2 worker ant zombies
  5 gnolls
  9 adders
  A shadow imp (D:6)
  3 oozes
  2 adder zombies (D:5)
  An adder skeleton (D:5)
  6 dart slugs
  2 worms
  4 leopard geckos
  17 orcs
  2 giant cockroaches
  8 goblins
  4 hobgoblins
  4 jackals
  2 kobolds (D:3)
  2 quokkas (D:5)
  3 ball pythons
  11 bats
  5 frilled lizards
  A jackal zombie (D:5)
  8 rats
  8 plants (D:5)
156 creatures vanquished.

Notes
Turn   | Place    | Note
-------+----------+-------------------------------------------
     0 | D:1      | ardnt the Minotaur Berserker began the quest for the Orb.
     0 | D:1      | Reached XP level 1. HP: 19/19 MP: 0/0
   551 | D:1      | Reached XP level 2. HP: 14/27 MP: 1/1
  1128 | D:2      | Reached XP level 3. HP: 17/33 MP: 2/2
  1617 | D:2      | Found a hazy altar of Hepliaklqana.
  1756 | D:2      | Found an opulent altar of Gozag.
  1866 | D:2      | Found a hide-covered altar of Uskayaw.
  2188 | D:3      | Noticed Terence
  2207 | D:3      | Killed Terence
  2207 | D:3      | Reached XP level 4. HP: 35/40 MP: 3/3
  2209 | D:3      | Reached skill level 1 in Stealth
  2231 | D:3      | Reached ** piety under Trog
  2236 | D:3      | Reached skill level 5 in Maces & Flails
  2538 | D:3      | Found a shimmering altar of Xom.
  2561 | D:3      | Reached XP level 5. HP: 45/47 MP: 4/4
  2604 | D:3      | Reached XP level 6. HP: 27/53 MP: 5/5
  3277 | D:3      | Found a runed translucent door.
  3278 | D:3      | Noticed Crazy Yiuf
  3288 | D:3      | Killed Crazy Yiuf
  4529 | D:5      | Entered Level 5 of the Dungeon
  4550 | D:5      | Noticed a sky beast
  4559 | D:5      | Reached skill level 5 in Armour
  4559 | D:5      | Reached XP level 7. HP: 37/60 MP: 6/6
  4559 | D:5      | Reached skill level 5 in Fighting
  4625 | D:5      | Reached skill level 1 in Staves
  4780 | D:5      | Reached skill level 2 in Staves
  4854 | D:5      | HP: 2/61 [orc priest/divine providence (15)]
  4863 | D:5      | Reached skill level 3 in Staves
  5453 | D:5      | Found a sparkling altar of Nemelex Xobeh.
  5479 | D:5      | Reached XP level 8. HP: 46/69 MP: 7/7
  5540 | D:5      | Reached skill level 4 in Staves
  5740 | D:5      | Reached *** piety under Trog
  5750 | D:5      | Reached skill level 5 in Staves
  5779 | D:5      | Noticed a troll
  5787 | D:5      | Noticed a shapeshifter
  5787 | D:5      | a troll changed into a shapeshifter
  5787 | D:5      | a shapeshifter changed into a hog
  5789 | D:5      | Noticed an orb spider
  5789 | D:5      | a hog changed into an orb spider
  5798 | D:5      | Noticed a blink frog
  5798 | D:5      | an orb spider changed into a blink frog
  5802 | D:5      | Killed a blink frog
  5802 | D:5      | Reached skill level 6 in Staves
  5817 | D:5      | Got a transparent robe
  5890 | D:5      | Reached skill level 5 in Dodging
  5996 | D:5      | Reached skill level 7 in Staves
  6115 | D:5      | Found a staircase to the Ecumenical Temple.
  6226 | Temple   | Entered the Ecumenical Temple
  6958 | D:6      | Reached XP level 9. HP: 74/78 MP: 8/8
  7350 | D:6      | Found a burning altar of Makhleb.
  7350 | D:6      | Found a shimmering altar of Xom.
  7508 | D:6      | Found a sacrificial altar of Ru.
  7608 | D:6      | Noticed Dowan
  7620 | D:6      | Reached skill level 8 in Staves
  7627 | D:6      | Found an iron altar of Okawaru.
  7630 | D:6      | Noticed Duvessa
  7635 | D:6      | Killed Dowan
  7639 | D:6      | Killed Duvessa
  7842 | D:7      | Reached **** piety under Trog
  7855 | D:7      | HP: 3/78 [orc priest/divine providence (14)]
  7856 | D:7      | Slain by an orc priest

Skill      XL: |  1  2  3  4  5  6  7  8  9 |
---------------+----------------------------+-----
Maces & Flails | 4 5 6 |  6.8
Fighting       | 4 5 6 |  6.8
Stealth        | 1 2 |  2.4
Dodging        | 3 4 5 |  5.4
Armour         | 3 5 6 7 |  7.5
Staves         | 3 7 8 |  8.5
Evocations     | |  0.2

Action                   |  1- 3 |  4- 6 |  7- 9 || total
-------------------------+-------+-------+-------++-------
Melee: Mace              |    97 |    16 |       ||   113
       Headbutt          |    10 |    23 |    74 ||   107
       Flail             |       |    85 |       ||    85
       Quarterstaff      |       |    24 |   248 ||   272
Invok: Berserk           |       |       |     2 ||     2
       Trog's Hand       |       |       |     1 ||     1
Evoke: Wand              |       |     1 |       ||     1
  Use: Potion            |     1 |       |       ||     1
 Stab: Paralysed         |       |       |     3 ||     3
  Eat: Ration            |     1 |     2 |     2 ||     5
       Chunk             |     1 |     1 |     3 ||     5
Armor: Animal skin       |     4 |       |       ||     4
       Pearl dragon scal |    11 |    84 |   118 ||   213
       Leather armour    |     8 |       |       ||     8
       Ring mail         |     7 |       |       ||     7
Dodge: Dodged            |    78 |   100 |   110 ||   288
